 Dungeon Crawl Stone Soup version 0.23.2-1-ga50397a6bc (webtiles) character file.

Game seed: 15591791104694297420

3276 Menchi the Spear-Bearer (level 10, -5/83 HPs)
             Began as a Merfolk Fighter on May 18, 2019.
             Was a Believer of Makhleb.
             Slain by a thrashing horror (8 damage)
             ... on level 3 of the Abyss.
             The game lasted 00:20:07 (6320 turns).

Menchi the Spear-Bearer (Merfolk Fighter)           Turns: 6320, Time: 00:20:07

Health: -5/83      AC:  6    Str: 19    XL:     10   Next: 0%
Magic:  0/10       EV: 16    Int:  7    God:    Makhleb [**....]
Gold:   438        SH:  4    Dex: 15    Spells: 9/9 levels left

rFire    . . .     SeeInvis .   a - +0 trident
rCold    . . .     Gourm    .   (no shield)
rNeg     . . .     Faith    .   b - +0 scale mail
rPois    .         Spirit   +   (helmet restricted)
rElec    .         Reflect  +   k - scarf {Spirit}
rCorr    .         Harm     .   (no gloves)
MR       +....                  (no boots)
Stlth    ..........             u - +4 amulet of reflection
HPRegen  0.23/turn              p - ring of protection from magic
MPRegen  0.12/turn              (no ring)

@: no status effects
A: change form in water, swift swim, stealthy swim, antennae 1
a: Minor Destruction, Renounce Religion


You were on level 3 of the Abyss.
You worshipped Makhleb.
Makhleb was pleased with you.
You were not hungry.

You visited 2 branches of the dungeon, and saw 9 of its levels.
You visited the Abyss 1 time.

You collected 438 gold pieces.

Inventory:

Hand Weapons
 a - a +0 trident (weapon)
Armour
 b - a +0 scale mail (worn)
 c - a +0 shield
 d - a +0 large shield
 j - a +0 helmet
 k - a scarf of spirit shield (worn)
 y - a +1 cloak of invisibility
Jewellery
 g - a +3 amulet of reflection
 l - an uncursed amulet of regeneration
 p - a ring of protection from magic (left hand)
 u - a +4 amulet of reflection (around neck)
 B - an uncursed amulet of rage
Wands
 n - a wand of paralysis (2)
 r - a wand of enslavement (10)
 s - a wand of iceblast (3)
 t - a wand of disintegration (2)
Scrolls
 e - 3 scrolls of identify
 i - 4 scrolls of remove curse
 q - a scroll of blinking
Potions
 o - 2 potions of flight
 v - a potion of degeneration
 w - 2 potions of cancellation
 x - a potion of agility
 z - a potion of curing
Comestibles
 f - 24 rations


   Skills:
 * Level 9.3 Fighting
 * Level 11.4 Polearms
 - Level 2.1 Armour
 * Level 10.2 Dodging
 - Level 3.0 Shields


You had 9 spell levels left.
You didn't know any spells.
Your spell library contained the following spells:

 Spells                   Type           Power        Failure   Level  Hunger
 Confusing Touch          Hex            #.....       80%         1    ##.....
 Flame Tongue             Conj/Fire      #....        80%         1    ##.....
 Throw Flame              Conj/Fire      #.....       91%         2    ###....
 Confuse                  Hex            #.......     99%         3    ####...
 Conjure Flame            Conj/Fire      #.......     99%         3    ####...
 Gell's Gravitas          Tloc           #.........   99%         3    ####...
 Inner Flame              Hex/Fire       #.......     99%         3    ####...
 Petrify                  Tmut/Erth      #.......     100%        4    #####..
 Sticky Flame             Conj/Fire      #.......     100%        4    #####..
 Fireball                 Conj/Fire      #.........   100%        5    ######.
 Metabolic Englaciation   Hex/Ice        #.........   100%        5    ######.
 Yara's Violent Unravell  Hex/Tmut       #.........   100%        5    ######.


Dungeon Overview and Level Annotations

Branches:
Dungeon (8/15)             Temple (1/1) D:5
   Lair: D:8-11

Altars:
Ashenzari
Cheibriados
Elyvilon
Fedhas
Gozag
Hepliaklqana
Kikubaaqudgha
Makhleb
Nemelex Xobeh
Qazlal
Sif Muna
Trog
Uskayaw
Xom
Yredelemnul
The Shining One

Shops:
D:5 *

Annotations:
D:7 exclusion: oklob plant


Innate Abilities, Weirdness & Mutations

You revert to your normal form in water You are very nimble and swift while swimming.
You are very stealthy in the water. (Stealth+)
You have a pair of small antennae on your head.


Message History

You block the thrashing horror's attack.
The thrashing horror tramples you.
* * * LOW HITPOINT WARNING * * *
You hold your ground!
The thrashing horror roars!
The thrashing horror barely misses you.
The thrashing horror tramples you but does no damage.
The thrashing horror barely misses you. x2
The thrashing horror roars!
The thrashing horror completely misses you.
The thrashing horror tramples you.
* * * LOW HITPOINT WARNING * * *
You stumble backwards!
The thrashing horror roars!
The thrashing horror misses you.
You block the thrashing horror's attack.
You closely miss the thrashing horror.
The thrashing horror is lightly damaged.
The thrashing horror tramples you!
You die...

.# # #.#.. .≈§ ###.
...##.## #..
#.#.##..##..#....#
#......#.. .#. .#
#.#..#.#.......#
#.#...#...#.. # #
##.###(#....#
#.#X.........#.≈≈≈.
#..@.#.##.#..# ≈≈.
#..#.###......#
#......... .##.# .
##.#.#.#.# .#
#.#..#
..###.####..# ##.#.
##. ## . # .


You could see a thrashing horror.

Vanquished Creatures
  Maurice (D:8)
  A troll (D:7)
  A sky beast (D:7)
  An ice beast (D:6)
  A black bear (D:6)
  4 ogres
  2 centaurs (D:5)
  Blork the orc (D:4)
  A bullfrog (D:6)
  A gnoll sergeant (D:5)
  A wyvern skeleton (D:6)
  4 scorpions
  3 killer bees (D:6)
  9 wights
  A centaur zombie (D:8)
  A howler monkey (D:7)
  A jelly (D:6)
  A bullfrog zombie (D:5)
  5 hounds
  Crazy Yiuf (D:6)
  2 bullfrog skeletons
  5 orc wizards
  4 iguanas
  4 worker ants
  A hound skeleton (D:5)
  Robin (D:2)
  5 adders
  11 gnolls
  5 shadow imps
  2 oozes
  3 adder skeletons
  2 worms
  3 dart slugs
  4 leopard geckos
  8 orcs
  2 ball pythons
  5 giant cockroaches
  18 goblins
  8 hobgoblins
  15 jackals
  5 kobolds
  5 quokkas
  5 bats
  7 frilled lizards
  A jackal skeleton (D:7)
  A quokka skeleton (D:8)
  5 rats
178 creatures vanquished.

Vanquished Creatures (others)
  2 plants (D:6)
2 creatures vanquished.

Grand Total: 180 creatures vanquished

Notes
Turn   | Place    | Note
-------+----------+-------------------------------------------
     0 | D:1      | Menchi the Merfolk Fighter began the quest for the Orb.
     0 | D:1      | Reached XP level 1. HP: 18/18 MP: 1/1
   340 | D:1      | Reached skill level 1 in Dodging
   340 | D:1      | Reached XP level 2. HP: 24/24 MP: 2/2
   487 | D:1      | Reached XP level 3. HP: 25/30 MP: 3/3
   798 | D:2      | Reached skill level 4 in Polearms
   943 | D:2      | Found a deep blue altar of Sif Muna.
  1048 | D:2      | Reached XP level 4. HP: 37/37 MP: 4/4
  1246 | D:2      | Noticed Robin
  1301 | D:2      | Killed Robin
  1301 | D:2      | Reached XP level 5. HP: 34/43 MP: 5/5
  1765 | D:3      | Reached skill level 5 in Polearms
  1915 | D:3      | Found a basalt altar of Yredelemnul.
  1917 | D:3      | Found a bloodstained altar of Trog.
  1918 | D:3      | Found a hide-covered altar of Uskayaw.
  1919 | D:3      | Found a hazy altar of Hepliaklqana.
  2212 | D:3      | Reached XP level 6. HP: 45/50 MP: 6/6
  2242 | D:3      | Reached skill level 5 in Fighting
  2401 | D:4      | Noticed Blork the orc
  2412 | D:4      | Killed Blork the orc
  2412 | D:4      | Reached skill level 6 in Polearms
  2424 | D:4      | Reached skill level 5 in Dodging
  2456 | D:4      | Reached XP level 7. HP: 48/56 MP: 5/7
  2472 | D:4      | You fall through a shaft for 3 floors!
  2604 | D:7      | Noticed a troll
  2626 | D:7      | Found a stormy altar of Qazlal.
  2627 | D:7      | Noticed an oklob plant
  2646 | D:5      | Entered Level 5 of the Dungeon
  2987 | D:5      | Reached skill level 7 in Polearms
  3030 | D:5      | Found a staircase to the Ecumenical Temple.
  3203 | D:5      | Reached XP level 8. HP: 51/65 MP: 5/8
  3323 | D:5      | Reached skill level 8 in Polearms
  3365 | Temple   | Entered the Ecumenical Temple
  3413 | Temple   | Became a worshipper of Makhleb the Destroyer
  3575 | D:5      | Found Kuem's General Store.
  3727 | D:6      | Found a sparkling altar of Nemelex Xobeh.
  3812 | D:6      | Reached skill level 9 in Polearms
  4016 | D:6      | Reached XP level 9. HP: 60/73 MP: 6/9
  4069 | D:6      | Reached * piety under Makhleb
  4278 | D:6      | Found a runed translucent door.
  4279 | D:6      | Noticed Crazy Yiuf
  4469 | D:6      | Reached skill level 10 in Polearms
  4936 | D:6      | Killed Crazy Yiuf
  5147 | D:7      | HP: 2/75 [iguana (7)]
  5509 | D:7      | Killed a troll
  5999 | D:8      | Reached skill level 11 in Polearms
  6064 | D:8      | Noticed Maurice
  6071 | D:8      | Killed Maurice
  6071 | D:8      | Reached skill level 10 in Dodging
  6082 | D:8      | Reached ** piety under Makhleb
  6173 | D:8      | Reached XP level 10. HP: 83/83 MP: 10/10
  6242 | D:8      | Got a slimy flail
  6247 | D:8      | Identified the cursed +3 flail of Governance {distort,
                  | Dex+2} (You found it on level 8 of the Dungeon)
  6252 | D:8      | Cast into level 3 of the Abyss (a distortion unwield)
  6262 | Abyss:3  | Noticed a thrashing horror
  6286 | Abyss:3  | Noticed a cyan very ugly thing
  6286 | Abyss:3  | Gained mutation: You have a pair of small antennae on your
                  | head. [a neqoxec]
  6286 | Abyss:3  | Noticed a glowing orange brain
  6288 | Abyss:3  | Noticed a glowing orange brain
  6300 | Abyss:3  | Noticed a necromancer
  6300 | Abyss:3  | Noticed a thrashing horror
  6305 | Abyss:3  | Noticed a thrashing horror
  6315 | Abyss:3  | Lost mutation: You have a pair of small antennae on your
                  | head. [potion of mutation]
  6315 | Abyss:3  | Gained mutation: You are dopey. (Int -2) [potion of
                  | mutation]
  6315 | Abyss:3  | Gained mutation: You have a pair of small antennae on your
                  | head. [potion of mutation]
  6315 | Abyss:3  | Lost mutation: You are dopey. (Int -2) [potion of mutation]
  6316 | Abyss:3  | HP: 4/83 [thrashing horror (2)]
  6320 | Abyss:3  | Slain by a thrashing horror

Skill      XL: |  1  2  3  4  5  6  7  8  9 |
---------------+----------------------------+-----
Dodging        | 1 2 3 4 5 6 8 10 | 10.2
Polearms       | 4 5 6 7 9 11 | 11.4
Fighting       | 4 5 6 7 9 |  9.3
Armour         | |  2.1
Shields        | |  3.0

Action                   |  1- 3 |  4- 6 |  7- 9 | 10-12 || total
-------------------------+-------+-------+-------+-------++-------
Melee: Trident           |   130 |   207 |   504 |     8 ||   849
Evoke: Wand              |       |     1 |    14 |       ||    15
  Use: Potion            |     1 |       |     8 |     1 ||    10
       Scroll            |       |     8 |     5 |     6 ||    19
  Eat: Chunk             |     1 |     4 |    13 |       ||    18
Armor: Scale mail        |    67 |    75 |   100 |     4 ||   246
Dodge: Dodged            |    81 |   102 |   313 |    32 ||   528
Block: Other             |       |       |    25 |     8 ||    33
       Reflection        |       |       |     2 |       ||     2
